 Dungeon Crawl Stone Soup version 0.25-a0-251-g572059c536 (webtiles) character file.

Game seed: 589998821654953235, levelgen mode: deterministic

81 floatRand the Chopper (level 4, -4/33 HPs)
             Began as a Demonspawn Gladiator on Dec 4, 2019.
             Slain by a worm (8 damage)
             ... on level 3 of the Dungeon.
             The game lasted 00:02:03 (1408 turns).

floatRand the Chopper (Demonspawn Gladiator)        Turns: 1408, Time: 00:02:04

Health: -4/33      AC: 16    Str: 15    XL:     4   Next: 19%
Magic:  4/4        EV:  0    Int: 14    God:
Gold:   112        SH: 12    Dex: 16    Spells: 3/3 levels left

rFire    . . .     SeeInvis .   a - +0 war axe
rCold    + . .     Gourm    .   g - +1 large shield {AC+3}
rNeg     . . .     Faith    .   i - +0 plate armour
rPois    .         Spirit   .   c - +0 helmet
rElec    .         Reflect  .   (no cloak)
rCorr    .         Harm     .   (no gloves)
MR       .....                  n - +1 pair of boots
Stlth    ..........             m - amulet of inaccuracy (curse)
HPRegen  0.11/turn              e - ring of protection from cold
MPRegen  0.09/turn              o - +4 ring of intelligence

@: no status effects
A: thin skeletal structure 1, rot immunity
a: no special abilities


You were on level 3 of the Dungeon.
You were not hungry.

You visited 1 branch of the dungeon, and saw 3 of its levels.

You collected 112 gold pieces.

Inventory:

Hand Weapons
 a - a +0 war axe (weapon)
Missiles
 d - 3 throwing nets (quivered)
Armour
 b - a +0 leather armour
 c - a +0 helmet (worn)
 g - a +1 large shield of protection (worn)
 i - a +0 plate armour (worn)
 n - a +1 pair of boots (worn)
Jewellery
 e - a ring of protection from cold (left hand)
 m - a cursed amulet of inaccuracy (around neck)
 o - a +4 ring of intelligence (right hand)
Scrolls
 k - a scroll of identify
 l - 2 scrolls of teleportation
Potions
 j - 2 potions of curing {unknown}
Comestibles
 f - 4 rations


   Skills:
 - Level 2.0 Fighting
 + Level 4.6 Axes
 - Level 1.7 Throwing
 - Level 2.6 Dodging


You had 3 spell levels left.
You didn't know any spells.
Your spell library was empty.

Dungeon Overview and Level Annotations

Branches:
Dungeon (3/15)

Altars:


Innate Abilities, Weirdness & Mutations

You have a somewhat thin skeletal structure. (Dex +2, Stealth)
You are immune to rotting.


Message History

The worm is heavily wounded.
The worm bites you.
* * * LOW HITPOINT WARNING * * *
Unknown command.
You hit the worm.
The worm is severely wounded.
You block the worm's attack.
Unknown command.
You hit the worm.
The worm is almost dead.
You block the worm's attack.
You closely miss the worm.
The worm is almost dead.
The worm bites you.
* * * LOW HITPOINT WARNING * * *
Unknown command.
Your plate armour prevents you from hitting the worm.
The worm is almost dead.
The worm bites you!
You die...

############.
.###
#............
....
#............
.....
............
.....
#.......# .
.....
#......#..
.....
##.w.......
.....
##..@.......
.....
#...........
.....
#...........
#####
#...........
#^...
#...........
#.###
#...........
#.###
##..........
#.##.
#........##
#.#..
..........#
#[#..


You could see a worm.

Vanquished Creatures
  A worker ant (D:2)
  3 adders
  A dart slug (D:1)
  A leopard gecko (D:1)
  6 hobgoblins
  4 bats
  3 frilled lizards
  6 goblins
  3 kobolds
  2 rats
30 creatures vanquished.

Notes
Turn   | Place    | Note
-------+----------+-------------------------------------------
     0 | D:1      | floatRand the Demonspawn Gladiator began the quest for the
                  | Orb.
     0 | D:1      | Reached XP level 1. HP: 16/16 MP: 1/1
   380 | D:1      | Reached skill level 3 in Axes
   452 | D:1      | Gained mutation: You have a somewhat thin skeletal
                  | structure. (Dex +2, Stealth) [demonic ancestry]
   452 | D:1      | Reached XP level 2. HP: 22/22 MP: 2/2
   813 | D:2      | Reached skill level 4 in Axes
   813 | D:2      | Gained mutation: You are immune to rotting. [demonic
                  | ancestry]
   813 | D:2      | Reached XP level 3. HP: 22/27 MP: 3/3
  1019 | D:2      | Reached XP level 4. HP: 32/33 MP: 4/4
  1408 | D:3      | Slain by a worm

Levels and vault maps discovered:
D:1:      sevenhm_arrival_forest_fort_small_1, layout_loops_ring
D:2:      layout_basic, item_on_display_a
D:3:      layout_rooms, grunt_temple_overflow_order_and_chaos_1,
          hangedman_feature_mirror, corner_web_ring

Skill      XL: |  1  2 |
---------------+-------+-----
Axes           | 3 4 |  4.6
Fighting       | |  2.0
Throwing       | |  1.7
Dodging        | |  2.6

Action                   |  1- 3 |  4- 6 || total
-------------------------+-------+-------++-------
Melee: War axe           |    90 |    59 ||   149
  Use: Scroll            |     5 |     2 ||     7
  Eat: Chunk             |     1 |     1 ||     2
Armor: Plate armour      |    78 |    34 ||   112
       Leather armour    |     1 |       ||     1
Dodge: Dodged            |    17 |     2 ||    19
Block: Large shield      |    62 |    32 ||    94

Table legend:
 A = Non-vault XP
 B = Vault XP
 C = Vault XP percentage of total XP
 D = Non-vault monster count
 E = Vault monster count
 F = Vault count percentage of total count
                 A         B        C        D         E       F
            +---------+---------+-------+---------+---------+-------
      Total |     115 |       1 |   0.9 |      29 |       1 |   3.3
            +---------+---------+-------+---------+---------+-------
        D:1 |      16 |       0 |   0.0 |      10 |       0 |   0.0
        D:2 |      81 |       0 |   0.0 |      15 |       0 |   0.0
        D:3 |      18 |       1 |   5.3 |       4 |       1 |  20.0
            +---------+---------+-------+---------+---------+-------
